 Dungeon Crawl Stone Soup version 0.16-a0-3458-g6d2551d (webtiles) character file.

58 NewYearsCrawler the Chopper (level 4, 0/35 HPs)
             Began as a Formicid Fighter on Jan 1, 2015.
             Was an Initiate of Okawaru.
             Slain by Sigmund
             ... wielding a +0 scythe
              (9 damage)
             ... on level 2 of the Dungeon.
             The game lasted 00:02:43 (1033 turns).

NewYearsCrawler the Chopper (Formicid Fighter)      Turns: 1033, Time: 00:02:43

Health: 0/35       AC:  6    Str: 21    XL:     4   Next: 20%
Magic:  5/5        EV:  7    Int:  8    God:    Okawaru [......]
Gold:   47         SH:  9    Dex: 10    Spells: 0 memorised, 3 levels left

rFire  . . .     SeeInvis +     a - +0 war axe
rCold  . . .     Clarity  .     b - +0 scale mail
rNeg   . . .     SustAb   .     c - +0 shield
rPois  .         Gourm    .     (helmet unavailable)
rElec  .         Spirit   .     (no cloak)
rCorr  .         Warding  .     (no gloves)
rMut   .         Stasis   +     (no boots)
MR     .....                    (no amulet)
Stlth  ..........               (no ring)
                                (no ring)

@: not resistant to hostile enchantments, extremely unstealthy
A: permanent stasis, dig shafts and tunnels, four strong arms, antennae 3
a: Dig, Shaft Self, Renounce Religion


You were on level 2 of the Dungeon.
You worshipped Okawaru.
Okawaru was noncommittal.
You were hungry.

You visited 1 branch of the dungeon, and saw 2 of its levels.

You collected 47 gold pieces.

Inventory:

Hand weapons
 a - a +0 war axe (weapon)
Armour
 b - a +0 scale mail (worn)
 c - a +0 shield (worn)
Jewellery
 f - an uncursed ring of wizardry {unknown}
Scrolls
 h - a scroll of fear {unknown}
 i - 5 scrolls of identify {unknown}
 k - 3 scrolls of remove curse {unknown}
 l - a scroll of fog {unknown}
Potions
 e - 2 potions of might
 g - a potion of heal wounds
Comestibles
 d - 3 bread rations
 j - a beef jerky
 m - a meat ration


   Skills:
 - Level 3.2 Fighting
 * Level 4.1 Axes
 - Level 3.2 Armour
 - Level 3.6 Shields


You had 3 spell levels left.
You didn't know any spells.

Dungeon Overview and Level Annotations

Branches:
Dungeon (2/15)

Altars:
Okawaru

Annotations:
D:2 Sigmund


Innate Abilities, Weirdness & Mutations

You are under a permanent stasis effect.
You can dig through walls and to a lower floor.
Your four strong arms can wield two-handed weapons with a shield.
You have a pair of large antennae on your head (SInv).


Message History

You hit Sigmund but do no damage. Sigmund casts a spell at you.
The puff of flame hits you!
You closely miss Sigmund. You block Sigmund's attack.
You slash Sigmund!
Sigmund is moderately wounded.
You block Sigmund's attack.
All of the chunks of flesh in your inventory have rotted away.
You barely miss Sigmund.
Sigmund is moderately wounded.
Sigmund hits you with a scythe!
You hit Sigmund.
Sigmund is heavily wounded.
Sigmund casts a spell at you. The magic dart hits you!
* * * LOW HITPOINT WARNING * * *
You slash Sigmund!
Sigmund is almost dead.
Sigmund hits you with a scythe!
You die...

......#### #..... #######
.........# # .. .......#
..........# ..#...... ...##..###
. #.##..#≈### . #.#####.†#.$#≈≈≈
# #....@@.....#.####.# ###
#..................# ..#
#.............###### #.#
#.............# #.#
##.###...#.....# ##.#### #..
###.......## ......## #.###
#.)......###### .......# #...#
#.......#.....##
.....#.###...#####.............##


You could see Sigmund.

Vanquished Creatures
  2 adders
  A giant gecko (D:1)
  5 bats
  A giant cockroach (D:1)
  8 goblins
  7 hobgoblins
  A jackal (D:2)
  4 giant newts
  4 kobolds
  3 rats (D:1)
36 creatures vanquished.

Notes
Turn   | Place    | Note
--------------------------------------------------------------
     0 | D:1      | NewYearsCrawler, the Formicid Fighter, began the quest for the Orb.
     0 | D:1      | Reached XP level 1. HP: 18/18 MP: 1/1
   179 | D:1      | Reached XP level 2. HP: 24/24 MP: 3/3
   271 | D:1      | Reached XP level 3. HP: 29/29 MP: 4/4
   546 | D:1      | Found an iron altar of Okawaru.
   567 | D:1      | Became a worshipper of Warmaster Okawaru
   795 | D:2      | Reached skill level 4 in Axes
   795 | D:2      | Reached XP level 4. HP: 12/35 MP: 5/5
  1022 | D:2      | Noticed Sigmund
  1033 | D:2      | Slain by Sigmund

Action                   |  1- 3 |  4- 6 || total
-------------------------+-------+-------++-------
Melee: War axe           |   126 |     8 ||   134
  Use: Potion            |       |     1 ||     1
